 Dungeon Crawl Stone Soup version 0.29.1-12-g30fa7ad0bf (webtiles) character file.

Game seed: 9624380098407916203

410 styxcanada the Covert (level 6, -3/31 HPs)
             Began as a Spriggan Brigand on Dec 29, 2022.
             Slain by a gnoll sergeant
             ... wielding a +0 spear
              (11 damage)
             ... on level 5 of the Dungeon.
             The game lasted 00:10:22 (3739 turns).

styxcanada the Covert (Spriggan Brigand)            Turns: 3739, Time: 00:10:23

Health: -3/31      AC:  3    Str: 13    XL:     6   Next: 58%
Magic:  8/9        EV: 18    Int: 13    God:
Gold:   247        SH:  0    Dex: 18    Spells: 6/8 levels left

rFire   . . .      SeeInvis +   g - +4 rapier (venom)
rCold   . . .      Faith    .   (no shield)
rNeg    + . .      Spirit   .   b - +0 robe
rPois   .          Reflect  .   (helmet restricted)
rElec   .          Harm     .   c - +0 cloak
rCorr   .          Rampage  .   (gloves unavailable)
Will    +....                   (boots unavailable)
Stlth   ++++......              (no amulet)
HPRegen 0.10/turn               q - ring of positive energy
MPRegen 0.11/turn               s - +6 ring of strength

@: very quick
A: very small, no large weapons, unfitting armour, see invisible, speed 3
a: no special abilities


You were on level 5 of the Dungeon.
You visited 1 branch of the dungeon, and saw 5 of its levels.

You collected 247 gold pieces.

Inventory:

Hand Weapons
 a - a +2 dagger
 g - a +4 rapier of venom (weapon)
 n - a +0 sling
 p - a +0 mace of protection
Missiles
 d - 17 poisoned darts (quivered)
 e - 3 curare-tipped darts
Armour
 b - a +0 robe (worn)
 c - a +0 cloak (worn)
 u - an orb of mayhem
Jewellery
 q - a ring of positive energy (left hand)
 s - a +6 ring of strength (right hand)
Wands
 t - a wand of light (8)
Scrolls
 j - a scroll of blinking
 l - a scroll of magic mapping
 m - a scroll of teleportation
 r - a scroll of silence
Potions
 h - a potion of might
 k - 3 potions of mutation {unknown}
 o - 5 potions of brilliance


   Skills:
 * Level 2.3 Fighting
 + Level 3.4 Short Blades
 + Level 2.1 Throwing
 * Level 3.0 Dodging
 * Level 9.1 Stealth
 * Level 1.8 Spellcasting
 * Level 1.0 Conjurations
 * Level 1.3 Air Magic
 * Level 0.3 Evocations


You had 6 spell levels left.
You knew the following spells:

 Your Spells              Type           Power      Damage    Failure   Level
a - Static Discharge      Conj/Air       4%         3-4/arc   24%         2

Your spell library contained the following spells:

 Spells                   Type           Power      Damage    Failure   Level
 Sticky Flame             Conj/Fire      2%         2d3       91%         4
 Dispel Undead            Necr           1%         3d6       95%         4


Dungeon Overview and Level Annotations

Branches:
Dungeon (5/15)
 Temple: D:4-7

Altars:
Dithmenos


Innate Abilities, Weirdness & Mutations

You are very small and have problems with some larger weapons.
You are too small for most types of armour.
You have supernaturally acute eyesight. (SInv)
You cover ground extremely quickly. (Speed+++)


Message History

The gnoll shouts!
You hit the scorpion but do no damage.
The scorpion is heavily wounded.
The gnoll sergeant hits you from afar with a +0 spear!
* * * LOW HITPOINT WARNING * * *
The gnoll completely misses you. The scorpion closely misses you.
You feel much better.
The scorpion stings you but does no damage.
The gnoll closely misses you. The gnoll sergeant misses you.
You hit the gnoll.
You kill the gnoll!
The scorpion closely misses you.
The gnoll sergeant hits you but does no damage.
You hit the scorpion.
You kill the scorpion!
The gnoll hits you with a +0 club. The gnoll sergeant closely misses you.
Your Dodging skill increases to level 3!
Your Conjurations skill increases to level 1!
You barely miss the gnoll. The gnoll sergeant closely misses you.
The gnoll hits you with a +0 club.
You closely miss the gnoll. The gnoll misses you.
The gnoll sergeant closely misses you.
You hit the gnoll.
The gnoll is lightly wounded.
The gnoll misses you. The gnoll closely misses you.
The gnoll sergeant hits you from afar with a +0 spear.
You hit the gnoll.
The gnoll is poisoned.
The gnoll is heavily wounded.
The gnoll hits you with a +0 club. The gnoll closely misses you.
The gnoll sergeant completely misses you.
You completely miss the gnoll.
The gnoll is lightly wounded.
The gnoll closely misses you. The gnoll hits you with a +0 flail!
* * * LOW HITPOINT WARNING * * *
The gnoll sergeant misses you.
You barely miss the gnoll.
The gnoll is lightly wounded.
The gnoll misses you.
The gnoll sergeant hits you from afar with a +0 spear!
You die...

.... ... ..# ##....
#.##...#.#
...#####....# #.#
.......<..# #.# ###
.#.#####g.#####.#.....
##.......(.#
#.#######g....##.#
#.....g@g.#.#.# .#
....#######..#.# # .
...##.# ######.# #.#
#..


You could see a gnoll sergeant and 2 gnolls.

Vanquished Creatures
  A kobold brigand (D:3)
  2 scorpions
  A bullfrog (D:5)
  A hound (D:3)
  An orc wizard (D:3)
  A gnoll (D:5)
  3 adders
  A worm (D:3)
  2 dart slugs (D:1)
  6 orcs (D:3)
  8 ball pythons
  6 endoplasms
  A giant cockroach (D:3)
  7 goblins
  4 hobgoblins
  5 quokkas
  2 bats
  A frilled lizard (D:1)
  2 kobolds (D:4)
  3 rats
58 creatures vanquished.

Vanquished Creatures (others)
  A plant (D:1)
1 creature vanquished.

Grand Total: 59 creatures vanquished

Notes
Turn   | Place    | Note
-------+----------+-------------------------------------------
     0 | D:1      | styxcanada the Spriggan Brigand began the quest for the
                  | Orb.
     0 | D:1      | Reached XP level 1. HP: 10/10 MP: 2/2
    74 | D:1      | Reached skill level 6 in Stealth
   270 | D:1      | Reached XP level 2. HP: 14/14 MP: 3/3
  1081 | D:2      | Found a faded altar of an unknown god.
  1130 | D:2      | Reached skill level 7 in Stealth
  1137 | D:2      | Reached XP level 3. HP: 18/18 MP: 4/4
  1734 | D:3      | Learned a level 2 spell: Static Discharge
  1806 | D:3      | Noticed a kobold brigand
  1815 | D:3      | Killed a kobold brigand
  1816 | D:3      | Reached skill level 8 in Stealth
  1816 | D:3      | Reached XP level 4. HP: 16/23 MP: 5/5
  2144 | D:3      | Reached XP level 5. HP: 19/26 MP: 5/7
  2326 | D:3      | Reached skill level 1 in Spellcasting
  2795 | D:4      | Found a shadowy altar of Dithmenos.
  3085 | D:4      | Reached skill level 1 in Air Magic
  3085 | D:4      | Reached XP level 6. HP: 30/30 MP: 7/9
  3688 | D:5      | Entered Level 5 of the Dungeon
  3696 | D:5      | Reached skill level 9 in Stealth
  3734 | D:5      | Reached skill level 1 in Conjurations
  3739 | D:5      | Slain by a gnoll sergeant

Illustrated notes

Levels and vault maps discovered:
D:1:      spicycebolla_arrival_clurvy, layout_loops_ring, serial_forest,
          infiniplex_forest_pool, infiniplex_forest_lined_room_3,
          infiniplex_forest_corner_1, infiniplex_forest_join,
          infiniplex_forest_lined_3, infiniplex_forest_end_2,
          infiniplex_forest_clump_large, infiniplex_forest_straight_2
D:2:      layout_rooms, nicolae_ecumenical_pavilion, kennysheep_generic_room_11
D:3:      layout_loops_cross
D:4:      layout_basic, nicolae_dithmenos_shadow_blocks
D:5:      layout_rooms, cheibriados_altar_1, minmay_temple_entry_proselytizer,
          uniq_crazy_yiuf_cottage

Skill      XL: |  1  2  3  4  5  6 |
---------------+-------------------+-----
Stealth        | 6 7 8 9 |  9.1
Dodging        | 2 3 |  3.0
Fighting       | 2 |  2.3
Spellcasting   | 1 |  1.8
Short Blades   | 3 |  3.4
Air Magic      | 1 |  1.3
Conjurations   | 1 |  1.0
Throwing       | |  2.1
Evocations     | |  0.3

Action                   |  1- 3 |  4- 6 || total
-------------------------+-------+-------++-------
Melee: Rapier            |    44 |    61 ||   105
       Dagger            |     2 |       ||     2
Throw: Dart              |       |     5 ||     5
 Cast: Static Discharge  |       |     1 ||     1
  Use: Scroll            |     4 |     7 ||    11
       Potion            |       |     3 ||     3
 Stab: Sleeping          |     9 |     5 ||    14
       Distracted        |     1 |       ||     1
Armor: Robe              |     3 |     9 ||    12
Dodge: Dodged            |    26 |    72 ||    98
